 Dungeon Crawl Stone Soup version 0.31-a0-844-gdc52ec4e09 (webtiles) character file.

Game seed: 9864483514873870588

219 LeprechaunX the Changeling (level 5, -1/35 HPs)
             Began as an Octopode Shapeshifter on Sept 28, 2023.
             Frozen to death by an endoplasm (5 damage)
             ... on level 3 of the Dungeon.
             The game lasted 00:01:37 (2142 turns).

LeprechaunX the Changeling (Octopode Shapeshifter)  Turns: 2142, Time: 00:01:38

Health: -1/35      AC:  1    Str: 16    XL:     5   Next: 96%
Magic:  5/5        EV: 13    Int: 12    God:
Gold:   129        SH:  0    Dex: 11    Spells: 4/4 levels left

rFire   . .          .
                       - Unarmed
rCold   . . .        (no shield)
rNeg    . . .        (helmet currently unavailable)
rPois   .            (no amulet)
rElec   .            g - ring of flight
rCorr   .            (no ring)
SInv    .            (no ring)
Will    .....        (no ring)
Stlth   +++          (no ring)
HPRegen 0.25/turn    (no ring)
MPRegen 0.09/turn    (no ring)
                     (no ring)

%: no passive effects
@: lethally poisoned (-1 -> -4), beast-form, flying
A: beast (slay +2), almost no armour, amphibious, 8 rings, camouflage 1,
gelatinous body 1, nimble swimmer 1, tentacles
a: Begin Untransformation


You were on level 3 of the Dungeon.
You were a hulking beast.
You visited 1 branch of the dungeon, and saw 3 of its levels.

You collected 129 gold pieces.

Inventory:

Jewellery
 g - a ring of flight (left tentacle)
Talismans
 b - a beast talisman (active)
 c - a flux talisman
Scrolls
 e - a scroll of enchant weapon {unknown}
 i - 4 scrolls of identify {unknown}
 m - a scroll of teleportation {unknown}
Potions
 a - 2 potions of lignification
 d - a potion of attraction {unknown}
 f - a potion of ambrosia {unknown}
 h - 2 potions of curing {unknown}
 j - a potion of brilliance {unknown}
 k - a potion of berserk rage {unknown}
 l - a potion of enlightenment {unknown}


   Skills:
 + Level 2.6 Fighting
 + Level 3.1 Dodging
 + Level 3.8 Unarmed Combat
 * Level 4.4 Shapeshifting


You had 4 spell levels left.
You didn't know any spells.
Your spell library was empty.

Dungeon Overview and Level Annotations

Branches:
Dungeon (3/15)

Altars:


Innate Abilities, Weirdness & Mutations

You are a hulking beast.
Your limbs bulge with bestial killing power. (Slay +2)
You cannot wear most types of armour.
You are amphibious.
You can wear up to eight rings at the same time.
Your skin changes colour to match your surroundings (Stealth+).
Your rubbery body absorbs attacks. (AC +1, EV +1)
You are camouflaged when in or above water. (Stealth+)
You have tentacles for arms and can constrict up to eight enemies at once.


Message History

You feel very sick. The water moccasin bites you.
The water moccasin completely misses you.
You tentacle-slap the water moccasin but do no damage.
You squeeze the water moccasin, but do no damage.
The water moccasin is almost dead.
You constrict the water moccasin.
You kill the water moccasin!
* * * LOW HITPOINT WARNING * * *
You feel very sick. The endoplasm freezes you.
You are frozen.
* * * LOW HITPOINT WARNING * * *
Your Dodging skill increases to level 3!
Your Shapeshifting skill increases to level 4!
You have reached level 5!
You feel stronger.
Unknown command.
* * * LOW HITPOINT WARNING * * *
You feel sick.
The endoplasm attacks as it pursues you!
The endoplasm barely misses you.
* * * LOW HITPOINT WARNING * * *
You feel sick.
The endoplasm attacks as it pursues you!
The endoplasm splashes around in the water.
The endoplasm attacks as it pursues you!
The endoplasm splashes around in the water.
You tentacle-slap the endoplasm.
The endoplasm is severely wounded.
* * * LOW HITPOINT WARNING * * *
You feel sick.
Unknown command.
You bludgeon the endoplasm!
You kill the endoplasm!
* * * LOW HITPOINT WARNING * * *
You feel sick. The endoplasm freezes you.
You are frozen.
You die...

####.##.#### #####
#..........# ######
#..........# ##.....
#..........# #......
#..........# #......
#..........# #......
####.#..#### #......
#######'#######......
#~~~h~~.~~~~~~#..####
#~~~J.....~~~~#..
#~~~.......~~~#.
#~~....#....~~#
#~...##.##...~#
#~?..# .. ...~#
#~..#. #..#..~# #~..
# .#. .~ #~.. ##$.


You could see an endoplasm.

Vanquished Creatures
  A water moccasin (D:3)
  4 adders
  A worm (D:2)
  2 dart slugs
  An orc (D:3)
  5 endoplasms
  A giant cockroach (D:2)
  9 goblins
  7 hobgoblins
  10 jackals
  7 kobolds
  3 quokkas
  3 bats
  5 frilled lizards
  7 rats
66 creatures vanquished.

Notes
Turn   | Place    | Note
-------+----------+-------------------------------------------
     0 | D:1      | LeprechaunX the Octopode Shapeshifter began the quest for
                  | the Orb.
     0 | D:1      | Reached XP level 1. HP: 13/13 MP: 1/1
    90 | D:1      | Reached XP level 2. HP: 18/18 MP: 2/2
   333 | D:1      | Reached XP level 3. HP: 23/23 MP: 3/3
  1094 | D:2      | Reached XP level 4. HP: 29/29 MP: 4/4
  2134 | D:3      | Noticed a water moccasin
  2138 | D:3      | Killed a water moccasin
  2139 | D:3      | Reached skill level 4 in Shapeshifting
  2139 | D:3      | Reached XP level 5. HP: 8/35 MP: 5/5
  2142 | D:3      | Frozen to death by an endoplasm

Illustrated notes

Levels and vault maps discovered:
D:1:      matt_arrival_grand_opening, layout_basic, minmay_misc_feat_rugged
D:2:      layout_basic
D:3:      layout_basic, kennysheep_generic_room_2

Skill      XL: |  1  2  3  4 |
---------------+-------------+-----
Fighting       | 2 |  2.6
Dodging        | 3 |  3.1
Shapeshifting  | 4 |  4.4
Unarmed Combat | |  3.8

Action                     |  1- 3 |  4- 6 || total
---------------------------+-------+-------++-------
  Melee: Unarmed           |    63 |    56 ||   119
         Constrict         |    13 |    16 ||    29
         Tentacles         |    10 |    16 ||    26
         Punch             |     1 |     1 ||     2
   Stab: Sleeping          |     8 |     3 ||    11
 Armour: Skin              |    15 |    20 ||    35
  Dodge: Dodged            |    34 |    30 ||    64

Table legend: (Time is in decaauts)
 A = Elapsed time spent in this place.
 B = Non-inter-level travel time spent in this place.
 C = Inter-level travel time spent in this place.
 D = Time resting spent in this place.
 E = Time spent auto-exploring this place.
 F = Levels seen in this place.
 G = Mean time per level.
                   A        B        C        D        E       F      G
               +--------+--------+--------+--------+--------+-----+--------+
         Total |   2134 |   2072 |     62 |      0 |   1736 |   3 |  711.3 |
       Dungeon |   2134 |   2072 |     62 |      0 |   1736 |   3 |  711.3 |
               +--------+--------+--------+--------+--------+-----+--------+

Top non-repeatable levels by time:
     D:1: 848 daAuts
     D:3: 745 daAuts
     D:2: 540 daAuts
